 Dungeon Crawl Stone Soup version 0.29.0-11-gd7f09526c8 (webtiles) character file.

Game seed: 6188938895485072753

1214 DocSulfur the Chucker (level 8, -1/60 HPs)
             Began as a Human Delver on Sept 6, 2022.
             Was a Believer of Okawaru.
             Slain by Menkaure (16 damage)
             ... on level 7 of the Dungeon.
             The game lasted 00:28:58 (6813 turns).

DocSulfur the Chucker (Human Delver)                Turns: 6813, Time: 00:28:59

Health: -1/60      AC:  9    Str: 21    XL:     8   Next: 74%
Magic:  8/8        EV:  8    Int: 11    God:    Okawaru [**....]
Gold:   388        SH:  0    Dex: 14    Spells: 7/7 levels left

rFire   . . .      SeeInvis .   G - +5 rapier of Dishonour {vorpal, rCorr}
rCold   . . .      Faith    .   (no shield)
rNeg    . . .      Spirit   .   K - +0 chain mail
rPois   .          Reflect  .   (no helmet)
rElec   .          Harm     .   (no cloak)
rCorr   +          Rampage  .   e - +0 pair of gloves
Will    +....                   (no boots)
Stlth   ..........              (no amulet)
HPRegen 0.20/turn               I - +6 ring of strength
MPRegen 0.11/turn               y - ring of willpower

@: no status effects
A: no striking features
a: Renounce Religion, Heroism


You were on level 7 of the Dungeon.
You worshipped Okawaru.
Okawaru was pleased with you.
You visited 2 branches of the dungeon, and saw 8 of its levels.

You collected 388 gold pieces.

Inventory:

Hand Weapons
 q - a +1 short sword of electrocution
 v - a +0 vorpal flail
 G - the +5 rapier of Dishonour (weapon) {vorpal, rCorr}
   (You found it on level 5 of the Dungeon)

   It inflicts extra damage upon your enemies.
   rCorr:     It protects you from acid and corrosion.
 H - a +0 shortbow
Missiles
 j - 64 stones
 n - 6 silver boomerangs
 r - 2 boomerangs (quivered)
 A - 14 poisoned darts
Armour
 e - a +0 pair of gloves (worn)
 K - a +0 chain mail (worn)
Jewellery
 y - a ring of willpower (right hand)
 I - a +6 ring of strength (left hand)
Wands
 g - a wand of digging (11)
 C - a wand of polymorph (22)
Scrolls
 b - a scroll of noise {unknown}
 c - 2 scrolls of fog
 d - a scroll of magic mapping
 l - 2 scrolls of summoning {unknown}
 o - 3 scrolls of teleportation
 s - a scroll of acquirement {unknown}
 w - a scroll of poison {unknown}
 z - 2 scrolls of enchant armour {unknown}
 B - a scroll of amnesia {unknown}
 D - a scroll of enchant weapon {unknown}
Potions
 a - a potion of degeneration {unknown}
 f - 2 potions of haste
 i - a potion of flight
 m - 4 potions of brilliance
 p - 2 potions of heal wounds {unknown}
 t - a potion of curing {unknown}
 x - a potion of cancellation {unknown}
 F - 2 potions of attraction {unknown}
 J - 2 potions of ambrosia


   Skills:
 + Level 3.8 Fighting
 + Level 2.9 Short Blades
 - Level 3.0 Polearms
 - Level 6.0 Throwing
 - Level 2.0 Dodging
 - Level 5.0 Stealth
 - Level 6.0 Evocations


You had 7 spell levels left.
You didn't know any spells.
Your spell library contained the following spells:

 Spells                   Type           Power      Damage    Failure   Level
 Sublimation of Blood     Necr           0%         N/A       99%         2
 Wereblood                Tmut           0%         N/A       99%         2
 Summon Hydra             Summ           Unusable   N/A       N/A         7

Dungeon Overview and Level Annotations

Branches:
Dungeon (7/15)             Temple (1/1) D:4

Altars:
Ashenzari
Cheibriados
Elyvilon
Fedhas
Hepliaklqana
Kikubaaqudgha
Nemelex Xobeh
Okawaru
Qazlal
Ru
Sif Muna
Trog
Vehumet
Wu Jian
Zin
The Shining One

Shops:
D:2 :   D:4 (

Annotations:
D:3 exclusion: adder
D:7 Menkaure


Message History

Okawaru accepts your kill.
Things that are here:
a +0 dagger; a +0 chain mail
j - 64 stones (gained 5)
You open the door.
Found 17 gold pieces.
There is an open door here.
You now have 388 gold pieces (gained 17).
You open the door.
Menkaure, Prince of Dust comes into view.
Found a sling.
Menkaure giggles, "These cerements are ticklish..."
There is an open door here.
Okay, then.
Okay, then.
Press: ? - help, v - describe, . - travel, g - get item Item here: a sling.
The floor.
You hit Menkaure.
Menkaure is lightly damaged.
Menkaure hits you but does no damage.
You hit Menkaure.
Menkaure is lightly damaged.
Menkaure wails, "Why can't you leave me to my rest?"
Menkaure hits you.
You puncture Menkaure!
Menkaure is heavily damaged.
Menkaure hits you!
You hit Menkaure.
Menkaure is heavily damaged.
Menkaure hits you!
You hit Menkaure.
Menkaure is almost destroyed.
Menkaure calls on the powers of darkness!
Your body is wracked with pain!
* * * LOW HITPOINT WARNING * * *
You hit Menkaure.
Menkaure is almost destroyed.
Menkaure hits you!
You die...

....#....#.................
....######.................
..............######......#
..............# ..#......#
..............# ..#......#
..............# ..+....).#
..........# .)# .....
#......#####M.##
#......'..'@...#
#......#..#....#
#......######### ########


You could see Menkaure.

Vanquished Creatures
  An ice beast (D:6)
  An ogre (D:5)
  2 centaurs
  A phantom (D:6)
  A kobold brigand (D:6)
  A scorpion (D:3)
  A howler monkey (D:4)
  2 orc priests
  2 hounds (D:5)
  5 iguanas
  2 jellies
  3 orc wizards
  Terence (D:3)
  4 gnolls (D:5)
  9 adders
  2 white imps
  2 worms (D:2)
  2 dart slugs
  20 orcs
  4 bats
  6 endoplasms
  3 giant cockroaches
  10 hobgoblins
  8 jackals
  2 quokkas (D:3)
  5 ball pythons
  3 frilled lizards
  3 goblins
  8 kobolds
  2 rats (D:3)
116 creatures vanquished.

Vanquished Creatures (others)
  5 plants
5 creatures vanquished.

Grand Total: 121 creatures vanquished

Notes
Turn   | Place    | Note
-------+----------+-------------------------------------------
     0 | D:5      | DocSulfur the Human Delver began the quest for the Orb.
     0 | D:5      | Reached XP level 1. HP: 18/18 MP: 1/1
     4 | D:5      | Noticed a hound
     6 | D:4      | Noticed an iguana
    39 | D:4      | Found a staircase to the Ecumenical Temple.
    48 | Temple   | Entered the Ecumenical Temple
    56 | Temple   | Became a worshipper of Warmaster Okawaru
   122 | Temple   | Reached XP level 2. HP: 8/24 MP: 2/2
   591 | D:3      | Noticed Terence
  1081 | D:1      | Reached XP level 3. HP: 27/29 MP: 3/3
  1460 | D:3      | Noticed a scorpion
  1512 | D:2      | Found Wugi's Book Shop.
  1516 | D:2      | Reached skill level 1 in Short Blades
  1539 | D:2      | Reached skill level 1 in Throwing
  1743 | D:2      | Found a faded altar of an unknown god.
  1751 | D:2      | Reached XP level 4. HP: 30/35 MP: 4/4
  1831 | D:2      | Found an ancient bone altar of Kikubaaqudgha.
  2321 | D:3      | Found a bloodstained altar of Trog.
  2476 | D:3      | Killed a scorpion
  2477 | D:3      | Reached XP level 5. HP: 41/41 MP: 5/5
  2569 | D:3      | Killed Terence
  3189 | D:4      | Found Kume's Antique Weapon Boutique.
  3253 | D:4      | Found a white marble altar of Elyvilon.
  3327 | D:4      | Reached XP level 6. HP: 47/47 MP: 6/6
  3437 | D:4      | Reached skill level 1 in Evocations
  3653 | D:4      | Reached * piety under Okawaru
  3979 | D:5      | Reached skill level 5 in Throwing
  3979 | D:5      | Reached XP level 7. HP: 51/52 MP: 7/7
  3988 | D:5      | Identified the +5 rapier of Dishonour {vorpal, rCorr}
  4485 | D:5      | Found an ornate altar of the Wu Jian Council.
  4922 | D:6      | Reached XP level 8. HP: 28/58 MP: 8/8
  5140 | D:6      | Reached ** piety under Okawaru
  5483 | D:6      | Found a sparkling altar of Nemelex Xobeh.
  5750 | D:6      | Reached skill level 5 in Evocations
  5979 | D:6      | Found a sacrificial altar of Ru.
  6806 | D:7      | Noticed Menkaure
  6813 | D:7      | Slain by Menkaure

Illustrated notes

Levels and vault maps discovered:
D:1:      dpeg_arrival_long_road, layout_basic
D:2:      layout_loops_ring, serial_shops, shop,
          hellmonk_ecumenical_altar_dog_temple, basic_altar
D:3:      layout_basic, mainiacjoe_overflow_boulevard, st_stairs_11,
          uniq_terence
D:4:      layout_basic, lemuel_doored_altar, minmay_temple_entry_junction_2,
          serial_shops, kennysheep_mini_moat
D:5:      layout_gridville, nicolae_wu_jian_wuxing_cycle
D:6:      layout_basic, lemuel_tele_altar, nicolae_ru_the_path_less_chosen
D:7:      layout_gridville, nicolae_dithmenos_through_a_glass_darkly,
          mainiacjoe_overflow_brackets, minmay_stone_trees_small, uniq_menkaure
Temple:   hellmonk_temple_micro_hex

Skill      XL: |  1  2  3  4  5  6  7  8 |
---------------+-------------------------+-----
Polearms       | 3 |  3.0
Short Blades   | 1 2 |  2.9
Throwing       | 1 3 4 5 6 |  6.0
Evocations     | 2 4 6 |  6.0
Fighting       | |  3.8
Dodging        | |  2.0
Stealth        | |  5.0

Action                   |  1- 3 |  4- 6 |  7- 9 || total
-------------------------+-------+-------+-------++-------
Melee: Spear             |    56 |       |       ||    56
       Short sword       |    62 |   118 |     4 ||   184
       Punch             |     3 |     2 |     2 ||     7
       Rapier            |       |       |   129 ||   129
Throw: Boomerang         |     3 |    10 |     6 ||    19
       Dart              |       |    21 |    31 ||    52
Evoke: Wand              |       |    10 |     9 ||    19
  Use: Scroll            |     1 |     2 |     2 ||     5
 Stab: Sleeping          |     6 |     2 |       ||     8
Armor: Ring mail         |    24 |       |       ||    24
       Leather armour    |     3 |       |       ||     3
       Scale mail        |    41 |    47 |    27 ||   115
       Chain mail        |       |       |    70 ||    70
Dodge: Dodged            |    74 |    53 |    72 ||   199
